 Dungeon Crawl Stone Soup version 0.32-a0-589-g2d1f746d5d (webtiles) character file.

Game seed: 4188667830619017293

30 protoss039 the Digger (level 3, 24/24 HPs)
             Began as a Demonspawn Earth Elementalist on Mar 3, 2024.
             Got out of the dungeon alive.
             The game lasted 00:01:15 (757 turns).

protoss039 the Digger (DsEE)                         Turns: 757, Time: 00:01:15

Health: 24/24      AC:  2    Str:  8    XL:     3   Next: 3%
Magic:  6/6        EV: 12    Int: 17    God:
Gold:   16         SH:  4    Dex: 13    Spells: 5/6 levels left

rFire   . . .        d - +0 short sword
rCold   . . .        (no shield)
rNeg    . . .        a - +0 robe
rPois   .            (no helmet)
rElec   .            (no cloak)
rCorr   .            (no gloves)
SInv    .            (no boots)
Will    .....        (no amulet)
Stlth   ++           (no ring)
HPRegen 0.24/turn    (no ring)
MPRegen 0.10/turn

%: no passive effects
@: no status effects
A: foul stench 1, condensation shield
a: no special abilities


You escaped.
You visited 1 branch of the dungeon, and saw 2 of its levels.

You collected 16 gold pieces.

Inventory:

Hand Weapons
 d - a +0 short sword (weapon)
Missiles
 c - a throwing net
Armour
 a - a +0 robe (worn)
Scrolls
 b - a scroll of poison {unknown}
 f - a scroll of fear {unknown}
Potions
 e - a potion of heal wounds {unknown}


   Skills:
 + Level 2.1 Dodging
 + Level 2.1 Stealth
 + Level 2.3 Spellcasting
 + Level 1.5 Conjurations
 + Level 2.9 Earth Magic


You had 5 spell levels left.
You knew the following spells:

 Your Spells              Type           Power      Damage    Failure   Level
a - Sandblast             Erth           24%        2d8       5%          1

Your spell library contained the following spells:

 Spells                   Type           Power      Damage    Failure   Level
 Passwall                 Erth           12%        N/A       17%         3
 Stone Arrow              Conj/Erth      18%        3d8       22%         3
 Brom's Barrelling Bould  Conj/Erth      9%         2d3       58%         4
 Petrify                  Alch/Erth      7%         N/A       71%         4


Dungeon Overview and Level Annotations

Branches:
Dungeon (2/15) Zot: 11235

Altars:


Innate Abilities, Weirdness & Mutations

You may rarely emit foul miasma when damaged in melee.
A meltable shield of frost defends you. (SH +4)


Message History

f - a scroll labelled ZEELI QEERUAT No target in view!
You open the door.
There is an open door here.
Found 2 stones.
No target in view!
A frilled lizard and a hobgoblin come into view.
The frilled lizard hisses angrily.
There are monsters nearby!
Found 8 gold pieces.
There are monsters nearby!
The hobgoblin shouts!
You hit the frilled lizard.
You kill the frilled lizard!
You have reached level 3!
Your experience leads to an increase in your attributes!
Increase (S)trength, (I)ntelligence, or (D)exterity?
Uppercase letters only, please.
You feel clever. x2; Your demonic ancestry asserts itself...
Frost condenses into a shield before you.
You hit the hobgoblin.
The hobgoblin is severely wounded.
The hobgoblin hits you but does no damage.
You closely miss the hobgoblin.
The hobgoblin is severely wounded.
The hobgoblin hits you.
You emit a cloud of foul miasma!
You hit the hobgoblin but do no damage.
The hobgoblin is severely wounded.
The hobgoblin is engulfed in dark miasma.
The hobgoblin is poisoned.
The hobgoblin seems to slow down.
You kill the hobgoblin!
No target in view!
There is an open door here.
You see here a +0 dagger.
There is a stone staircase leading up here.
You climb upwards.
There is a stone staircase leading down here.
You can't go up here!
There is a staircase leading out of the dungeon here.
You have escaped!

##.^............#...### ##.
#...................############
#.....)......###................
#............#####....#.........
#..........##...#####.#.........
#..........##.....###...........
#..........##........##.........
##........##.........##........)
##.......##...@.....##.........
#......##.....♣...##..........
#......##.........##..........
##.....##........##...........
#........###.....##...........
#........#####...##...........
#...........#####.............
##.....####...###.###.........
##...## #...##..##..........


There were no monsters in sight!

Vanquished Creatures
  3 ball pythons
  2 endoplasms (D:1)
  5 goblins (D:1)
  2 hobgoblins (D:2)
  4 jackals (D:1)
  A quokka (D:1)
  A bat (D:1)
  3 frilled lizards
  4 kobolds
  A rat (D:1)
26 creatures vanquished.

Notes
Turn   | Place    | Note
-------+----------+-------------------------------------------
     0 | D:1      | protoss039 the Demonspawn Earth Elementalist began the
                  | quest for the Orb.
     0 | D:1      | Reached XP level 1. HP: 13/13 MP: 3/3
    47 | D:1      | Gained mutation: You may rarely emit foul miasma when
                  | damaged in melee. [demonic ancestry]
    47 | D:1      | Reached XP level 2. HP: 11/19 MP: 1/5
   331 | D:1      | Found a faded altar of an unknown god.
   681 | D:2      | Gained mutation: A meltable shield of frost defends you.
                  | (SH +4) [demonic ancestry]
   681 | D:2      | Reached XP level 3. HP: 24/24 MP: 6/6
   757 | D:$      | Got out of the dungeon alive.

Illustrated notes

Levels and vault maps discovered:
D:1:      spicycebolla_green_bress_n_ham, layout_rooms, basic_ecumenical_altar
D:2:      layout_basic

Skill      XL: |  1  2 |
---------------+-------+-----
Stealth        | 2 |  2.1
Dodging        | 2 |  2.1
Spellcasting   | |  2.3
Conjurations   | |  1.5
Earth Magic    | |  2.9

Action                     || total
---------------------------++-------
  Melee: Unarmed           ||     3
         Short sword       ||    25
   Cast: Sandblast         ||    17
    Use: Potion            ||     1
   Stab: Sleeping          ||     1
 Armour: Robe              ||    28
  Dodge: Dodged            ||    39

Table legend: (Time is in decaauts)
 A = Elapsed time spent in this place.
 B = Non-inter-level travel time spent in this place.
 C = Inter-level travel time spent in this place.
 D = Time resting spent in this place.
 E = Time spent auto-exploring this place.
 F = Levels seen in this place.
 G = Mean time per level.
                   A        B        C        D        E       F      G
               +--------+--------+--------+--------+--------+-----+--------+
         Total |    764 |    672 |     92 |      3 |    518 |   2 |  382.0 |
       Dungeon |    764 |    672 |     92 |      3 |    518 |   2 |  382.0 |
               +--------+--------+--------+--------+--------+-----+--------+

Top non-repeatable levels by time:
     D:1: 609 daAuts
     D:2: 155 daAuts
